 Dungeon Crawl Stone Soup version 0.19.4-9-g45fd643 (webtiles) character file.

103 Greenblue the Caller (level 4, -3/30 HPs)
             Began as a Mummy Summoner on Feb 16, 2017.
             Killed from afar by an orc wizard (12 damage)
             ... with a puff of flame
             ... on level 3 of the Dungeon.
             The game lasted 00:08:41 (2775 turns).

Greenblue the Caller (Mummy Summoner)               Turns: 2775, Time: 00:08:42

Health: -3/30      AC:  4    Str: 11    XL:     4   Next: 51%
Magic:  3/7        EV: 12    Int: 15    God:
Gold:   156        SH:  0    Dex: 12    Spells: 2 memorised, 4 levels left

rFire  x . .     SeeInvis .     d - +0 spear
rCold  + . .     Gourm    .     a - +0 robe
rNeg   + + +     Faith    .     (no shield)
rPois  ∞         Spirit   .     e - +1 helmet
rElec  .         Reflect  .     (no cloak)
rCorr  .         Harm     .     (no gloves)
MR     .....                    (no boots)
Stlth  ++........               (no amulet)
                                (no ring)
                                (no ring)

@: no status effects
A: no food or potions, fire vulnerability, cold resistance 1, negative energy
resistance 3, torment resistance, unbreathing
a: no special abilities


You were on level 3 of the Dungeon.
You were not hungry.

You visited 1 branch of the dungeon, and saw 3 of its levels.

You collected 156 gold pieces.

Inventory:

Hand Weapons
 d - a +0 spear (weapon)
Armour
 a - a +0 robe (worn)
 e - a +1 helmet (worn)
Jewellery
 c - an uncursed ring of protection from magic {unknown}
Scrolls
 f - a scroll of random uselessness {unknown}
 g - 3 scrolls of enchant weapon {unknown}
 h - 3 scrolls of identify {unknown}
 i - 2 scrolls of blinking {unknown}
 j - a scroll of amnesia {unknown}
Books
 b - a book of Callings

   Spells                             Type                      Level
   a - Summon Small Mammal            Summoning                    1
   b - Call Imp                       Summoning                    2
   c - Call Canine Familiar           Summoning                    3
   d - Summon Guardian Golem          Hexes/Summoning              3
   e - Summon Lightning Spire         Summoning/Air                4
   f - Summon Ice Beast               Ice/Summoning                4


   Skills:
 - Level 1.5 Dodging
 - Level 1.5 Stealth
 - Level 2.0 Spellcasting
 + Level 5.0 Summonings


You had 4 spell levels left.
You knew the following spells:

 Your Spells              Type           Power        Failure   Level  Hunger
a - Summon Small Mammal   Summ           ###.         2%          1    N/A
b - Call Imp              Summ           ###.....     4%          2    N/A

Dungeon Overview and Level Annotations

Branches:
Dungeon (3/15)

Altars:
Ashenzari
Kikubaaqudgha
Nemelex Xobeh
Uskayaw


Innate Abilities, Weirdness & Mutations

You do not eat or drink.
Your flesh is vulnerable to fire.
You are immune to poison.
Your flesh is cold resistant. (rC+)
You are immune to negative energy. (rN+++)
You are immune to unholy pain and torment.
You can survive without breathing.


Message History

The orc wizard is lightly wounded.
Your crimson imp closely misses the orc wizard.
The orc wizard gestures at you while chanting.
The puff of flame hits you! The fire burns you terribly!
* * * LOW HITPOINT WARNING * * *
You are too injured to fight recklessly!
Casting: Call Imp
Confirm with . or Enter, or press ? or * to list all spells.
A beastly little devil appears in a puff of flame.
Your crimson imp hits the orc wizard.
The orc wizard barely misses you.
Casting: Call Imp
Confirm with . or Enter, or press ? or * to list all spells.
Your crimson imp hits the orc wizard but does no damage.
The orc wizard hits you but does no damage.
Your crimson imp hits the orc wizard.
Your crimson imp misses the orc wizard.
You swap places.
Your bat hits the orc wizard.
The orc wizard points at you and mumbles some strange words.
The puff of flame hits you! The fire burns you terribly!
You die...

#.#...#÷...# ....# #######
..##.##..#.#. #. #..#
#...... ...#(#..##.#.
#.#####..###.#####
...###..##.#.
............#####
.#.....###.#.
#............... .......#
#.#. ###..#...#######..
######.# #.#. #........# #..
#.# #.#5###b#..#..########..
#%# #..#5o.@#..#..##........
#.# #.#####.........####..
#.# #...........##))# #..
#.# ########!...##..####..
#.# #..#.....)...^. #.#
##...##..#####.
#.##############.###..#####.
#....†........(#............
########.......#####..######


You could see an orc wizard, 2 friendly crimson imps and a friendly bat.

Vanquished Creatures
  An orc priest (D:3)
  An ooze (D:1)
  A worm (D:3)
  2 leopard geckos
  An orc (D:3)
  A ball python (D:2)
  2 giant cockroaches
  2 hobgoblins
  5 kobolds
  3 bats
  A frilled lizard (D:2)
  4 rats
24 creatures vanquished.

Vanquished Creatures (collateral kills)
  An orc wizard (D:3)
  A gnoll (D:1)
  3 adders
  An ooze (D:1)
  2 orcs (D:3)
  A hobgoblin (D:2)
  2 bats
  2 kobolds (D:2)
  A rat (D:3)
14 creatures vanquished.

Grand Total: 38 creatures vanquished

Notes
Turn   | Place    | Note
-------+----------+-------------------------------------------
     0 | D:1      | Greenblue the Mummy Summoner began the quest for the Orb.
     0 | D:1      | Reached XP level 1. HP: 13/13 MP: 3/3
   474 | D:1      | Reached XP level 2. HP: 8/19 MP: 1/5
   886 | D:1      | Learned a level 2 spell: Call Imp
  1088 | D:2      | Reached skill level 4 in Summonings
  1131 | D:2      | Found a sparkling altar of Nemelex Xobeh.
  1135 | D:2      | Found an ancient bone altar of Kikubaaqudgha.
  1135 | D:2      | Found a hide-covered altar of Uskayaw.
  1282 | D:2      | Reached XP level 3. HP: 24/24 MP: 2/6
  2374 | D:3      | Found a faded altar of an unknown god.
  2374 | D:3      | Found a shattered altar of Ashenzari.
  2379 | D:3      | Found a faded altar of an unknown god.
  2381 | D:3      | Found a faded altar of an unknown god.
  2383 | D:3      | Found a faded altar of an unknown god.
  2623 | D:3      | Reached XP level 4. HP: 30/30 MP: 1/7
  2628 | D:3      | Reached skill level 5 in Summonings
  2775 | D:3      | Killed from afar by an orc wizard

Skill      XL: |  1  2  3  4 |
---------------+-------------+-----
Summonings     | 4 5 |  5.0
Dodging        | |  1.5
Stealth        | |  1.5
Spellcasting   | |  2.0

Action                   |  1- 3 |  4- 6 || total
-------------------------+-------+-------++-------
Melee: Spear             |   118 |     6 ||   124
       Unarmed           |     2 |       ||     2
 Cast: Summon Small Mamm |    22 |     1 ||    23
       Call Imp          |     6 |     2 ||     8
  Use: Scroll            |     2 |       ||     2
 Stab: Sleeping          |     3 |       ||     3
Armor: Robe              |    21 |       ||    21
Dodge: Dodged            |    63 |     1 ||    64
